 Dungeon Crawl Stone Soup version 0.29.0-4-gdea44cf6ec (webtiles) character file.

Game seed: 10183233698813607875

22660 qw the Brawler (level 12, -4/118 HPs)
             Began as a Troll Cinder Acolyte on Sept 3, 2022.
             Was an Initiate of Ignis.
             Slain by a swamp dragon (6 damage)
             ... on level 5 of the Lair of Beasts.
             The game lasted 00:06:31 (11873 turns).

qw the Brawler (Troll Cinder Acolyte)              Turns: 11873, Time: 00:06:31

Health: -4/118     AC:  9    Str: 29    XL:     12   Next: 65%
Magic:  12/12      EV: 10    Int: 10    God:    Ignis [......]
Gold:   1572       SH:  5    Dex:  9    Spells: 13/13 levels left

rFire   + . .      SeeInvis .     - Unarmed
rCold   . . .      Faith    .   (no shield)
rNeg    . . .      Spirit   .   c - +1 troll leather armour of a Labyrinth {Rampage rElec Regen+ Dex+4}
rPois   .          Reflect  +   n - +1 hat
rElec   +          Harm     .   f - +0 cloak
rCorr   .          Rampage  +   (gloves unavailable)
Will    +....                   (boots unavailable)
Stlth   +.........              l - amulet of reflection
HPRegen 1.89/turn               o - ring of willpower
MPRegen 0.13/turn               (no ring)

@: about to teleport, frozen, very slow
A: large, unfitting armour, claws 3, regeneration 1, shaggy fur 1, tough skin 1
a: Renounce Religion, Rising Flame


You were on level 5 of the Lair of Beasts.
You worshipped Ignis.
Ignis was noncommittal.
You visited 2 branches of the dungeon, and saw 13 of its levels.

You collected 1624 gold pieces.
You spent 52 gold pieces at shops.


Innate Abilities, Weirdness & Mutations

You are too large for most types of armour.
You have claws for hands.
Your natural rate of healing is unusually fast.
You are covered in fur. (AC +1)
You have tough skin. (AC +1)


   Skills:
 - Level 7.0 Fighting
 - Level 5.1 Throwing
 - Level 4.2 Armour
 - Level 3.3 Dodging
 + Level 17.8 Unarmed Combat
 - Level 1.0 Spellcasting
 - Level 2.1 Fire Magic


You had 13 spell levels left.
You didn't know any spells.
Your spell library contained the following spells:

 Spells                   Type           Power      Damage    Failure   Level
 Scorch                   Fire           8%         2d5       24%         2

Inventory:

Missiles
 q - 5 boomerangs (quivered)
Armour
 a - +0 fire dragon scales
 c - the +1 troll leather armour of a Labyrinth (worn) {Rampage rElec Regen+ Dex+4}
   (You acquired it on level 4 of the Lair of Beasts)

   Dex:       It affects your dexterity (+4).
   rElec:     It insulates you from electricity.
   Regen:     It increases your rate of health regeneration.
   Rampage:   It bestows one free step when moving towards enemies.
 f - a +0 cloak (worn)
 n - a +1 hat (worn)
Jewellery
 l - an amulet of reflection (around neck)
 o - a ring of willpower (left claw)
Scrolls
 b - 4 scrolls of identify
 i - a scroll of enchant weapon
 m - a scroll of teleportation
Potions
 d - 3 potions of mutation
 e - 2 potions of haste
 g - 3 potions of might
 h - 7 potions of curing
 k - 2 potions of resistance

Dungeon Overview and Level Annotations

Branches:
Dungeon (8/15)             Temple (0/1) D:4            Lair (5/5) D:8
  Swamp (0/4) Lair:3        Snake (0/4) Lair:2
  Slime: Lair:4-5

Altars:
Cheibriados
Elyvilon
Gozag
Hepliaklqana
Okawaru
Ru
Sif Muna
Trog
Xom
Zin

Shops:
D:1 ?

Annotations:
Lair:1 1 runed translucent door, qw's ghost, journeyman TrCA
Lair:3 1 runed translucent door, qw's ghost, journeyman TrCA


Message History

You are slowing down.
11868 ||| DRINKING potion of cancellation.
You feel limber!
You feel magically purged. The swamp dragon barely misses you.
The swamp dragon claws you but does no damage.
The swamp dragon tramples you!
You hold your ground!
The rime drake breathes ice at you. The flash freeze hits you!
You are encased in ice.
The basilisk bites you. The swamp dragon barely misses you.
You block the swamp dragon's attack.
The swamp dragon tramples you but does no damage.
11869 ||| READING 2 scrolls of teleportation.
As you read the scroll of teleportation, it crumbles to dust.
You feel strangely unstable.
The rime drake bites you but does no damage.
The basilisk gazes at you. You resist with almost no effort.
The swamp dragon bites you. The swamp dragon claws you.
You block the swamp dragon's attack. The rime drake barely misses you.
You completely miss the basilisk.
The basilisk is severely wounded.
The basilisk bites you. The swamp dragon barely misses you.
The swamp dragon completely misses you. The swamp dragon barely misses you.
You claw the basilisk!
You kill the basilisk!
The ice encasing you melts away. The rime drake breathes ice at you.
The flash freeze hits you!!
You are encased in ice.
You barely miss the rime drake.
The swamp dragon bites you but does no damage.
The swamp dragon barely misses you. The swamp dragon tramples you.
You hold your ground!
The rime drake bites you but does no damage.
You eviscerate the rime drake!!!
You kill the rime drake!
The swamp dragon bites you. The swamp dragon claws you.
You die... 77

..7 7 77.~7..
77.....~~
77}.~~~.~~
77.P~~~~~~~
7...~.~..~~
7..~7~P$...
7@~~777.?(!
7.D~~77 $.(
77. 77.~~~77 7
7..~ 7....~77
77.~~.
777.P.~777..~.
77%[~~~~.~7 77
7..7~~..~77 ..
77....P.~~77.P
77..7.P7~.~77


You could see a swamp dragon.

Vanquished Creatures
  2 fire dragons
  4 hydras
  2 bog bodies (Lair:3)
  Pikel (D:8)
  2 black mambas
  10 cane toads
  3 rime drakes
  5 komodo dragons
  18 blink frogs
  A hornet (D:8)
  2 wyverns
  5 basilisks
  4 steam dragons
  11 yaks
  2 nagas (Lair:2)
  2 sky beasts
  14 water moccasins
  3 swamp drakes (Lair:5)
  2 black bears
  2 orc warriors
  5 wolves
  4 centaurs
  An ogre (D:6)
  3 lemures (D:8)
  A phantom (D:5)
  8 bullfrogs
  3 kobold brigands
  2 gnoll sergeants
  2 scorpions
  2 necrophages
  3 wights (D:8)
  A howler monkey (D:8)
  An electric eel (Lair:3)
  2 jellies
  8 orc priests
  3 hounds
  3 gnoll boudas
  2 iguanas (Lair:5)
  3 orc wizards
  22 gnolls
  8 adders
  3 ufetubi
  5 worms
  2 dart slugs
  24 orcs
  6 bats
  7 endoplasms
  2 giant cockroaches (D:3)
  5 goblins
  10 hobgoblins
  36 kobolds
  3 quokkas
  14 ball pythons
  4 frilled lizards
  13 rats
316 creatures vanquished.

Vanquished Creatures (others)
  18 fungi
  73 plants
91 creatures vanquished.

Grand Total: 407 creatures vanquished

Notes
Turn   | Place    | Note
-------+----------+-------------------------------------------
     0 | D:1      | qw the Troll Cinder Acolyte began the quest for the Orb.
     0 | D:1      | Reached XP level 1. HP: 22/22 MP: 1/1
     0 | D:1      | 0 ||| qw: Version: 0.1-a-102-g441f92d
     0 | D:1      | 0 ||| qw: Game counter: 5203
     0 | D:1      | 0 ||| qw: Always use a shield: true
     0 | D:1      | 0 ||| qw: God list: Okawaru
     0 | D:1      | 0 ||| qw: Allow faded altars: false
     0 | D:1      | 0 ||| qw: Do Orc after D:15 true
     0 | D:1      | 0 ||| qw: Do second Lair branch before Depths: true
     0 | D:1      | 0 ||| qw: Lair rune preference: random
     0 | D:1      | 0 ||| qw: Plans: Normal
     0 | D:1      | 0 ||| PLANNING D:1-11
   163 | D:1      | Reached XP level 2. HP: 29/29 MP: 2/2
   380 | D:1      | Reached skill level 4 in Unarmed Combat
   521 | D:1      | Found Ishrouf's Magic Scroll Shoppe.
   529 | D:1      | 529 ||| SHOPLISTING scroll of enchant weapon (97 gold, have
                  | 60).
   529 | D:1      | 529 ||| BUYING scroll of identify (26 gold).
   529 | D:1      | Bought a scroll of identify for 26 gold pieces
   529 | D:1      | 529 ||| BUYING scroll of identify (26 gold).
   529 | D:1      | Bought a scroll of identify for 26 gold pieces
   529 | D:1      | 529 ||| SHOPLISTING scroll of teleportation (39 gold, have
                  | 8).
   537 | D:1      | Reached XP level 3. HP: 34/36 MP: 3/3
   727 | D:1      | 727 ||| DROPPING amulet of magic regeneration.
   728 | D:1      | 728 ||| READING scroll labelled MUUCWUI ILACVI.
   729 | D:1      | 729 ||| READING scroll labelled MAD SOLOIMEIK.
   730 | D:1      | 730 ||| READING scroll labelled FEANUU EPAKK.
   734 | D:1      | 734 ||| READING scroll labelled CAIMAS FUSULONG.
   735 | D:1      | 735 ||| DRINKING 2 green potions.
   736 | D:1      | 736 ||| READING 3 scrolls of identify.
   736 | D:1      | 736 ||| IDENTIFYING murky pink potion
   787 | D:2      | 787 ||| Stepping ~*~*~tactically~*~*~ (stealth).
   793 | D:2      | 793 ||| Stepping ~*~*~tactically~*~*~ (stealth).
  1122 | D:2      | 1122 ||| Stepping ~*~*~tactically~*~*~ (stealth).
  1124 | D:2      | 1124 ||| Stepping ~*~*~tactically~*~*~ (stealth).
  1127 | D:2      | 1127 ||| Stepping ~*~*~tactically~*~*~ (stealth).
  1129 | D:2      | 1129 ||| Stepping ~*~*~tactically~*~*~ (stealth).
  1130 | D:2      | 1130 ||| Stepping ~*~*~tactically~*~*~ (stealth).
  1231 | D:2      | Found a sacrificial altar of Ru.
  1555 | D:2      | 1555 ||| DROPPING +6 ring of intelligence.
  1556 | D:2      | 1556 ||| READING scroll labelled FUTWUC DOGGOZ.
  1557 | D:2      | 1557 ||| READING scroll labelled RUX GAXOTELERR.
  1558 | D:2      | 1558 ||| READING scroll labelled PINOUVOEZE.
  1659 | D:2      | 1659 ||| READING 2 scrolls of identify.
  1659 | D:2      | 1659 ||| IDENTIFYING pink potion
  1697 | D:3      | 1697 ||| Stepping ~*~*~tactically~*~*~ (stealth).
  1770 | D:3      | 1770 ||| Stepping ~*~*~tactically~*~*~ (hiding).
  1773 | D:3      | 1773 ||| Stepping ~*~*~tactically~*~*~ (hiding).
  1782 | D:3      | Reached XP level 4. HP: 44/44 MP: 4/4
  1892 | D:3      | 1892 ||| Stepping ~*~*~tactically~*~*~ (stealth).
  1928 | D:3      | Reached skill level 5 in Unarmed Combat
  1951 | D:3      | Identified the +0 leather armour of Sin {Will+ rCorr Str+4
                  | Slay-5}
  2157 | D:3      | 2157 ||| INVOKING Fiery Armour.
  2158 | D:3      | 2158 ||| Stepping ~*~*~tactically~*~*~ (outnumbered).
  2257 | D:3      | 2257 ||| INVOKING Fiery Armour.
  2263 | D:3      | Reached XP level 5. HP: 46/50 MP: 5/5
  2318 | D:3      | Identified the +3 ring mail of Depression {Int+3}
  2552 | D:3      | 2552 ||| DRINKING 2 metallic cyan potions.
  2562 | D:4      | 2562 ||| STAIRDANCE
  2568 | D:3      | Reached skill level 6 in Unarmed Combat
  2570 | D:4      | 2570 ||| STAIRDANCE
  2596 | D:4      | 2596 ||| STAIRDANCE
  2621 | D:4      | 2621 ||| STAIRDANCE
  2641 | D:4      | Noticed a moth of wrath
  2645 | D:4      | Found a bloodstained altar of Trog.
  2651 | D:4      | 2651 ||| Stepping ~*~*~tactically~*~*~ (outnumbered).
  2652 | D:4      | 2652 ||| Stepping ~*~*~tactically~*~*~ (outnumbered).
  2661 | D:4      | 2661 ||| FLEEEEING.
  2662 | D:4      | 2662 ||| FLEEEEING.
  2685 | D:4      | 2685 ||| Stepping ~*~*~tactically~*~*~ (stealth).
  2750 | D:4      | Reached XP level 6. HP: 57/59 MP: 6/6
  2753 | D:4      | 2753 ||| INVOKING Fiery Armour.
  2763 | D:4      | Reached skill level 7 in Unarmed Combat
  2770 | D:4      | 2770 ||| Stepping ~*~*~tactically~*~*~ (outnumbered).
  2771 | D:4      | 2771 ||| Stepping ~*~*~tactically~*~*~ (outnumbered).
  2772 | D:4      | 2772 ||| Stepping ~*~*~tactically~*~*~ (outnumbered).
  2777 | D:4      | HP: 14/59 [gnoll sergeant/+0 spear (5)]
  2778 | D:4      | 2778 ||| READING 3 scrolls of teleportation.
  2780 | D:4      | HP: 4/59 [gnoll sergeant/+0 spear (5)]
  2781 | D:4      | Found a staircase to the Ecumenical Temple.
  2782 | D:4      | 2782 ||| READING 2 scrolls of teleportation.
  2933 | D:4      | Found an opulent altar of Gozag.
  2966 | D:4      | Found a glowing silver altar of Zin.
  3150 | D:4      | 3150 ||| UPGRADING to amulet of guardian spirit.
  3155 | D:4      | 3155 ||| UPGRADING to ring of willpower.
  3156 | D:4      | 3156 ||| READING scroll labelled QITYGU JO RIKI.
  3157 | D:4      | 3157 ||| DRINKING 2 fizzy white potions.
  3177 | D:5      | Entered Level 5 of the Dungeon
  3223 | D:5      | 3223 ||| Stepping ~*~*~tactically~*~*~ (stealth).
  3224 | D:5      | 3224 ||| Stepping ~*~*~tactically~*~*~ (stealth).
  3241 | D:5      | Reached skill level 8 in Unarmed Combat
  3259 | D:5      | 3259 ||| FLEEEEING.
  3260 | D:5      | 3260 ||| FLEEEEING.
  3273 | D:5      | 3273 ||| FLEEEEING.
  3274 | D:5      | 3274 ||| FLEEEEING.
  3275 | D:5      | 3275 ||| FLEEEEING.
  3276 | D:5      | 3276 ||| FLEEEEING.
  3280 | D:5      | 3280 ||| FLEEEEING.
  3281 | D:5      | 3281 ||| FLEEEEING.
  3282 | D:5      | 3282 ||| FLEEEEING.
  3283 | D:5      | 3283 ||| STAIRDANCE
  3307 | D:4      | 3307 ||| READING 2 scrolls of identify.
  3307 | D:4      | 3307 ||| IDENTIFYING lumpy clear potion
  3308 | D:4      | 3308 ||| DROPPING potion of brilliance.
  3314 | D:5      | Reached skill level 3 in Fighting
  3314 | D:5      | Reached XP level 7. HP: 63/67 MP: 5/7
  3344 | D:5      | 3344 ||| Stepping ~*~*~tactically~*~*~ (stealth).
  3423 | D:5      | Found a snail-covered altar of Cheibriados.
  3427 | D:5      | 3427 ||| Stepping ~*~*~tactically~*~*~ (stealth).
  3430 | D:5      | 3430 ||| INVOKING Fiery Armour.
  3658 | D:5      | Found a white marble altar of Elyvilon.
  3668 | D:5      | Reached skill level 9 in Unarmed Combat
  3860 | D:5      | 3860 ||| Stepping ~*~*~tactically~*~*~ (stealth).
  3873 | D:5      | Reached skill level 1 in Dodging
  3956 | D:5      | Found an iron altar of Okawaru.
  4238 | D:5      | 4238 ||| UPGRADING to amulet of reflection.
  4248 | D:5      | 4248 ||| DROPPING amulet of guardian spirit.
  4249 | D:5      | 4249 ||| READING 2 scrolls of identify.
  4249 | D:5      | 4249 ||| IDENTIFYING metallic ruby potion
  4298 | D:6      | 4298 ||| STAIRDANCE
  4305 | D:6      | 4305 ||| Stepping ~*~*~tactically~*~*~ (outnumbered).
  4306 | D:6      | 4306 ||| Stepping ~*~*~tactically~*~*~ (hiding).
  4307 | D:6      | 4307 ||| Stepping ~*~*~tactically~*~*~ (outnumbered).
  4308 | D:6      | 4308 ||| Stepping ~*~*~tactically~*~*~ (hiding).
  4309 | D:6      | 4309 ||| Stepping ~*~*~tactically~*~*~ (outnumbered).
  4310 | D:6      | 4310 ||| Stepping ~*~*~tactically~*~*~ (outnumbered).
  4311 | D:6      | 4311 ||| Stepping ~*~*~tactically~*~*~ (outnumbered).
  4312 | D:6      | 4312 ||| Stepping ~*~*~tactically~*~*~ (outnumbered).
  4313 | D:6      | 4313 ||| STAIRDANCE
  4418 | D:6      | 4418 ||| STAIRDANCE
  4423 | D:6      | 4423 ||| STAIRDANCE
  4441 | D:6      | Reached skill level 1 in Throwing
  4441 | D:6      | Reached XP level 8. HP: 65/75 MP: 8/8
  4831 | D:6      | 4831 ||| Stepping ~*~*~tactically~*~*~ (hiding).
  4835 | D:6      | 4835 ||| Stepping ~*~*~tactically~*~*~ (hiding).
  4836 | D:6      | 4836 ||| INVOKING Fiery Armour.
  4841 | D:6      | Reached skill level 10 in Unarmed Combat
  5369 | D:6      | 5369 ||| READING scroll labelled PEETIE GIQIG.
  5370 | D:6      | 5370 ||| READING scroll labelled SUNORU YTUTAMN.
  5441 | D:7      | 5441 ||| Stepping ~*~*~tactically~*~*~ (hiding).
  5653 | D:7      | 5653 ||| INVOKING Fiery Armour.
  5657 | D:7      | 5657 ||| Stepping ~*~*~tactically~*~*~ (outnumbered).
  5660 | D:7      | 5660 ||| Stepping ~*~*~tactically~*~*~ (outnumbered).
  5662 | D:7      | 5662 ||| Stepping ~*~*~tactically~*~*~ (outnumbered).
  5702 | D:7      | Reached skill level 11 in Unarmed Combat
  5712 | D:7      | Reached XP level 9. HP: 58/84 MP: 9/9
  5771 | D:7      | 5771 ||| Stepping ~*~*~tactically~*~*~ (outnumbered).
  5774 | D:7      | 5774 ||| Stepping ~*~*~tactically~*~*~ (outnumbered).
  5775 | D:7      | 5775 ||| Stepping ~*~*~tactically~*~*~ (outnumbered).
  5916 | D:7      | 5916 ||| Stepping ~*~*~tactically~*~*~ (outnumbered).
  5960 | D:7      | 5960 ||| Stepping ~*~*~tactically~*~*~ (hiding).
  5972 | D:7      | 5972 ||| INVOKING Fiery Armour.
  5973 | D:7      | 5973 ||| Stepping ~*~*~tactically~*~*~ (outnumbered).
  5982 | D:7      | HP: 18/84 [gnoll sergeant/+1 vorpal trident (8)]
  5983 | D:7      | 5983 ||| READING 3 scrolls of teleportation.
  5984 | D:7      | 5984 ||| DRINKING 2 potions of heal wounds.
  6270 | D:7      | 6270 ||| READING scroll labelled HEOFED WURONGA.
  6271 | D:7      | 6271 ||| READING 2 scrolls of identify.
  6271 | D:7      | 6271 ||| IDENTIFYING glowing black potion
  6272 | D:7      | 6272 ||| DROPPING potion of flight.
  6330 | D:8      | 6330 ||| Stepping ~*~*~tactically~*~*~ (stealth).
  6332 | D:8      | 6332 ||| Stepping ~*~*~tactically~*~*~ (stealth).
  6344 | D:8      | Reached skill level 12 in Unarmed Combat
  6367 | D:8      | 6367 ||| INVOKING Fiery Armour.
  6371 | D:8      | 6371 ||| Stepping ~*~*~tactically~*~*~ (outnumbered).
  6417 | D:8      | Noticed Pikel
  6418 | D:8      | 6418 ||| Stepping ~*~*~tactically~*~*~ (stealth).
  6419 | D:8      | 6419 ||| Stepping ~*~*~tactically~*~*~ (stealth).
  6425 | D:8      | 6425 ||| Stepping ~*~*~tactically~*~*~ (outnumbered).
  6445 | D:8      | Killed Pikel
  6495 | D:8      | 6495 ||| INVOKING Fiery Armour.
  6531 | D:8      | 6531 ||| Stepping ~*~*~tactically~*~*~ (hiding).
  6539 | D:8      | 6539 ||| Stepping ~*~*~tactically~*~*~ (outnumbered).
  6546 | D:8      | Reached skill level 13 in Unarmed Combat
  6616 | D:8      | Found a staircase to the Lair.
  6653 | D:8      | Found a shimmering blue altar of Sif Muna.
  6653 | D:8      | Found a shimmering altar of Xom.
  6661 | D:8      | 6661 ||| Stepping ~*~*~tactically~*~*~ (outnumbered).
  6667 | D:8      | 6667 ||| INVOKING Fiery Armour.
  6724 | D:8      | 6724 ||| DRINKING 2 glowing amethyst potions.
  6739 | D:8      | 6739 ||| Stepping ~*~*~tactically~*~*~ (stealth).
  6740 | D:8      | 6740 ||| Stepping ~*~*~tactically~*~*~ (stealth).
  6758 | D:8      | Reached XP level 10. HP: 77/96 MP: 10/10
  7009 | D:8      | 7009 ||| PLANNING LAIR
  7009 | D:8      | 7009 ||| UPGRADING to +0 steam dragon scales.
  7019 | D:8      | 7019 ||| DROPPING +0 robe.
  7020 | D:8      | 7020 ||| DRINKING 2 golden potions.
  7021 | D:8      | 7021 ||| READING 2 scrolls of identify.
  7021 | D:8      | 7021 ||| IDENTIFYING clear potion
  7022 | D:8      | 7022 ||| DROPPING potion of magic.
  7023 | D:8      | 7023 ||| DROPPING potion of berserk rage.
  7024 | D:8      | 7024 ||| DROPPING potion of attraction.
  7040 | Lair:1   | Entered Level 1 of the Lair of Beasts
  7042 | Lair:1   | Noticed a cane toad
  7045 | Lair:1   | Killed a cane toad
  7046 | Lair:1   | Reached skill level 1 in Armour
  7072 | Lair:1   | Noticed a seven-headed hydra
  7073 | Lair:1   | 7073 ||| INVOKING Fiery Armour.
  7078 | Lair:1   | Killed an eight-headed hydra
  7129 | Lair:1   | Noticed a cane toad
  7134 | Lair:1   | Noticed an eight-headed hydra
  7135 | Lair:1   | Killed a cane toad
  7136 | Lair:1   | Reached skill level 14 in Unarmed Combat
  7141 | Lair:1   | Killed an eight-headed hydra
  7142 | Lair:1   | Reached skill level 6 in Fighting
  7222 | Lair:1   | Noticed a six-headed hydra
  7223 | Lair:1   | 7223 ||| INVOKING Fiery Armour.
  7226 | Lair:1   | Killed an eight-headed hydra
  7273 | Lair:1   | Noticed a cane toad
  7277 | Lair:1   | Killed a cane toad
  7565 | Lair:1   | Found a runed translucent door.
  7628 | Lair:1   | 7628 ||| Stepping ~*~*~tactically~*~*~ (stealth).
  7657 | Lair:1   | Found a shimmering altar of Xom.
  7657 | Lair:1   | Noticed qw's ghost (journeyman TrCA)
  7657 | Lair:1   | Noticed a +2 trident of chaos
  7686 | Lair:1   | 7686 ||| Stepping ~*~*~tactically~*~*~ (stealth).
  7688 | Lair:1   | 7688 ||| Stepping ~*~*~tactically~*~*~ (stealth).
  7690 | Lair:1   | 7690 ||| INVOKING Fiery Armour.
  7695 | Lair:1   | Reached skill level 3 in Throwing
  7695 | Lair:1   | Reached XP level 11. HP: 101/105 MP: 11/11
  7697 | Lair:1   | Reached skill level 15 in Unarmed Combat
  7806 | Lair:1   | 7806 ||| Stepping ~*~*~tactically~*~*~ (stealth).
  7807 | Lair:1   | 7807 ||| Stepping ~*~*~tactically~*~*~ (stealth).
  7820 | Lair:1   | 7820 ||| Stepping ~*~*~tactically~*~*~ (outnumbered).
  7821 | Lair:1   | 7821 ||| Stepping ~*~*~tactically~*~*~ (outnumbered).
  7822 | Lair:1   | 7822 ||| Stepping ~*~*~tactically~*~*~ (outnumbered).
  7823 | Lair:1   | 7823 ||| Stepping ~*~*~tactically~*~*~ (outnumbered).
  7825 | Lair:1   | 7825 ||| Stepping ~*~*~tactically~*~*~ (outnumbered).
  7826 | Lair:1   | 7826 ||| Stepping ~*~*~tactically~*~*~ (outnumbered).
  7867 | Lair:1   | 7867 ||| PLANNING CONVERSION TO OKAWARU
  8019 | D:5      | 8019 ||| PLANNING D:1-11
  8019 | D:5      | 8019 ||| READING scroll labelled HOFUCO GUOGEAN.
  8046 | D:4      | 8046 ||| READING 2 scrolls of teleportation.
  8047 | D:4      | 8047 ||| PLANNING LAIR
  8380 | Lair:1   | 8380 ||| READING scroll of teleportation.
  8429 | Lair:2   | 8429 ||| Stepping ~*~*~tactically~*~*~ (stealth).
  8437 | Lair:2   | 8437 ||| Stepping ~*~*~tactically~*~*~ (outnumbered).
  8540 | Lair:2   | Found a staircase to the Snake Pit.
  8541 | Lair:2   | 8541 ||| Stepping ~*~*~tactically~*~*~ (hiding).
  8546 | Lair:2   | 8546 ||| Stepping ~*~*~tactically~*~*~ (hiding).
  8572 | Lair:2   | 8572 ||| Stepping ~*~*~tactically~*~*~ (stealth).
  8607 | Lair:2   | 8607 ||| Stepping ~*~*~tactically~*~*~ (stealth).
  8618 | Lair:2   | Reached skill level 16 in Unarmed Combat
  8652 | Lair:2   | 8652 ||| Stepping ~*~*~tactically~*~*~ (stealth).
  8864 | Lair:2   | Found a hazy altar of Hepliaklqana.
  9182 | Lair:2   | 9182 ||| Stepping ~*~*~tactically~*~*~ (stealth).
  9192 | Lair:2   | 9192 ||| Stepping ~*~*~tactically~*~*~ (outnumbered).
  9195 | Lair:2   | 9195 ||| Stepping ~*~*~tactically~*~*~ (outnumbered).
  9641 | Lair:3   | Found a runed translucent door.
  9642 | Lair:3   | Noticed qw's ghost (journeyman TrCA)
  9735 | Lair:3   | 9735 ||| FLEEEEING.
  9753 | Lair:3   | Noticed a fire dragon
  9764 | Lair:3   | HP: 22/109 [fire dragon/blast of flame (24)]
  9765 | Lair:3   | 9765 ||| DRINKING potion of heal wounds.
  9769 | Lair:3   | HP: 18/109 [fire dragon (3)]
  9769 | Lair:3   | HP: 6/109 [fire dragon (7)]
  9770 | Lair:3   | Killed a fire dragon
  9771 | Lair:3   | Reached XP level 12. HP: 8/118 MP: 12/12
 10013 | Lair:3   | Found a staircase to the Swamp.
 10021 | Lair:3   | Reached skill level 17 in Unarmed Combat
 10510 | Lair:3   | 10510 ||| UPGRADING to +0 fire dragon scales.
 10520 | Lair:3   | 10520 ||| UPGRADING to +1 hat.
 10525 | Lair:3   | 10525 ||| DROPPING +0 steam dragon scales.
 10526 | Lair:3   | 10526 ||| DROPPING ring of wizardry.
 10527 | Lair:3   | 10527 ||| READING scroll labelled OKHOVI HOYFAG.
 10528 | Lair:3   | 10528 ||| READING 3 scrolls of identify.
 10528 | Lair:3   | 10528 ||| IDENTIFYING metallic white potion
 10529 | Lair:3   | 10529 ||| DROPPING potion of degeneration.
 10545 | Lair:4   | 10545 ||| STAIRDANCE
 10573 | Lair:4   | 10573 ||| STAIRDANCE
 10615 | Lair:4   | 10615 ||| STAIRDANCE
 10659 | Lair:4   | 10659 ||| STAIRDANCE
 10699 | Lair:4   | 10699 ||| STAIRDANCE
 10753 | Lair:4   | 10753 ||| STAIRDANCE
 10868 | Lair:4   | Reached skill level 3 in Armour
 10947 | Lair:4   | Noticed an eight-headed hydra
 10952 | Lair:4   | Killed a 12-headed hydra
 11656 | Lair:4   | 11656 ||| UPGRADING to +0 cloak.
 11661 | Lair:4   | 11661 ||| READING 2 scrolls labelled CEOG KEYNOSAE.
 11661 | Lair:4   | Identified 2 scrolls of acquirement
 11661 | Lair:4   | 11661 ||| ACQUIRING +1 troll leather armour of a Labyrinth
                  | {Rampage rElec Regen+ Dex+4}
 11661 | Lair:4   | Acquired the +1 troll leather armour of a Labyrinth
                  | {Rampage rElec Regen+ Dex+4}
 11663 | Lair:4   | 11663 ||| UPGRADING to +1 troll leather armour of a
                  | Labyrinth {Rampage rElec Regen+ Dex+4}.
 11673 | Lair:4   | 11673 ||| READING scroll of acquirement.
 11673 | Lair:4   | 11673 ||| ACQUIRING 863 gold pieces
 11673 | Lair:4   | Acquired 863 gold pieces
 11702 | Lair:5   | Entered Level 5 of the Lair of Beasts
 11708 | Lair:5   | 11708 ||| Stepping ~*~*~tactically~*~*~ (stealth).
 11717 | Lair:5   | 11717 ||| Stepping ~*~*~tactically~*~*~ (stealth).
 11719 | Lair:5   | 11719 ||| Stepping ~*~*~tactically~*~*~ (stealth).
 11728 | Lair:5   | Reached skill level 3 in Dodging
 11735 | Lair:5   | 11735 ||| DRINKING 3 potions of resistance.
 11773 | Lair:5   | 11773 ||| Stepping ~*~*~tactically~*~*~ (stealth).
 11780 | Lair:5   | 11780 ||| Stepping ~*~*~tactically~*~*~ (hiding).
 11822 | Lair:5   | 11822 ||| Stepping ~*~*~tactically~*~*~ (stealth).
 11838 | Lair:5   | 11838 ||| Stepping ~*~*~tactically~*~*~ (stealth).
 11852 | Lair:5   | Noticed a fire dragon
 11853 | Lair:5   | 11853 ||| Stepping ~*~*~tactically~*~*~ (stealth).
 11862 | Lair:5   | Killed a fire dragon
 11868 | Lair:5   | 11868 ||| DRINKING potion of cancellation.
 11868 | Lair:5   | HP: 26/118 [basilisk (6)]
 11869 | Lair:5   | 11869 ||| READING 2 scrolls of teleportation.
 11871 | Lair:5   | HP: 3/118 [rime drake/flash freeze (18)]
 11873 | Lair:5   | Slain by a swamp dragon

Levels and vault maps discovered:
D:1:      wander_arrival_abandoned_jail, layout_basic, serial_shops, shop,
          amethyst_killhole
D:2:      layout_basic, basic_altar
D:3:      layout_basic
D:4:      layout_rooms, pdpol_temple_overflow_zin_treasury_gozag_greed,
          tgw_trog, temple_statues
D:5:      kennysheep_kobold_camp, layout_basic, lemuel_tele_altar,
          mainiacjoe_overflow_catwalk, nicolae_elyvilon_temple_path,
          minmay_misc_feat_nine_boxes
D:6:      layout_layer_cave
D:7:      layout_gridville, kennysheep_potato
D:8:      layout_basic, jmf_multi_god_temple, lair_entry_dummy, uniq_pikel
Lair:1:   layout_regular_city, ebering_ghost_xom
Lair:2:   layout_concentric_octagons, guppyfry_snake_entry_island, basic_altar,
          grunt_megastairs_2, infiniplex_staircase_pool_2
Lair:3:   dragon1_lemuel, layout_gridlike, skrybe_swamp_entry_bodies,
          gammafunk_ghost_grave, grunt_megastairs_1
Lair:4:   layout_cave_pods, serial_bayou_shore_b, serial_bayou_shore_a
Lair:5:   guppyfry_lair_end_dragon, layout_cave_pods,
          hangedman_lair_tendril_chambers, minmay_slime_entry_jelly_boxes,
          minivault_19, grunt_forest_large_clearing_hut

Skill      XL: |  1  2  3  4  5  6  7  8  9 10 11 12 |
---------------+-------------------------------------+-----
Unarmed Combat | 4 5 6 8 9 11 13 14 16 17 | 17.8
Fighting       | 3 4 5 6 7 |  7.0
Dodging        | 1 2 3 |  3.3
Throwing       | 1 3 4 5 |  5.1
Armour         | 1 2 4 |  4.2
Spellcasting   | |  1.0
Fire Magic     | |  2.1

Action                   |  1- 3 |  4- 6 |  7- 9 | 10-12 || total
-------------------------+-------+-------+-------+-------++-------
Melee: Unarmed           |   128 |   171 |   273 |   298 ||   870
       Punch             |     2 |     5 |    10 |    18 ||    35
Throw: Boomerang         |    24 |    32 |    22 |    48 ||   126
       Javelin           |       |       |       |    46 ||    46
Invok: Fiery Armour      |       |     3 |     7 |     3 ||    13
  Use: Scroll            |     9 |     4 |     6 |     9 ||    28
       Potion            |     1 |     2 |     2 |     4 ||     9
 Stab: Confused          |       |       |       |     1 ||     1
Armor: Robe              |    34 |    61 |    63 |       ||   158
       Steam dragon scal |       |       |       |    49 ||    49
       Troll leather arm |       |       |       |    27 ||    27
       Fire dragon scale |       |       |       |    11 ||    11
Dodge: Dodged            |    42 |    62 |   102 |    97 ||   303
Block: Other             |       |       |    45 |    39 ||    84
       Reflection        |       |       |    10 |       ||    10

Table legend:
 A = Non-vault XP
 B = Vault XP
 C = Vault XP percentage of total XP
 D = Non-vault monster count
 E = Vault monster count
 F = Vault count percentage of total count
                 A         B        C        D         E       F
            +---------+---------+-------+---------+---------+-------
      Total |   24832 |    7904 |  24.1 |     262 |      51 |  16.3
            +---------+---------+-------+---------+---------+-------
        D:1 |      47 |       0 |   0.0 |      30 |       0 |   0.0
        D:2 |      37 |       0 |   0.0 |      17 |       0 |   0.0
        D:3 |     242 |       0 |   0.0 |      33 |       0 |   0.0
        D:4 |     362 |      13 |   3.5 |      19 |       5 |  20.8
        D:5 |     559 |     121 |  17.8 |      15 |      21 |  58.3
        D:6 |     674 |       0 |   0.0 |      14 |       0 |   0.0
        D:7 |    1368 |       0 |   0.0 |      31 |       0 |   0.0
        D:8 |    1168 |    1087 |  48.2 |      28 |       3 |   9.7
     Lair:1 |    8228 |       0 |   0.0 |      26 |       0 |   0.0
     Lair:2 |    4151 |     401 |   8.8 |      19 |       3 |  13.6
     Lair:3 |    4023 |    2719 |  40.3 |      15 |       4 |  21.1
     Lair:4 |    2833 |       0 |   0.0 |      10 |       0 |   0.0
     Lair:5 |    1140 |    3563 |  75.8 |       5 |      15 |  75.0
            +---------+---------+-------+---------+---------+-------
